 Dungeon Crawl Stone Soup version 0.28-b1-1-g3c77fb2ed1 (webtiles) character file.

Game seed: 6941783114645655098

27783 DildoBatman the Protected (level 13, -4/103 HPs)
             Began as a Formicid Conjurer on Jan 29, 2022.
             Was a High Priest of Kikubaaqudgha.
             Slain by an orc knight (20 damage)
             ... on level 2 of the Orcish Mines.
             The game lasted 01:13:47 (19078 turns).

DildoBatman the Protected (Formicid Conjurer)      Turns: 19078, Time: 01:13:47

Health: -4/103     AC: 14    Str: 12    XL:     13   Next: 68%
Magic:  12/21      EV: 14    Int: 19    God:    Kikubaaqudgha [*****.]
Gold:   1164       SH:  6    Dex: 13    Spells: 9/27 levels left

rFire   . . .      SeeInvis +   a - +1 long sword (vorpal)
rCold   . . .      Faith    .   x - +0 buckler
rNeg    . . .      Spirit   .   o - +3 troll leather armour
rPois   .          Reflect  .   (helmet unavailable)
rElec   .          Harm     .   v - +0 cloak
rCorr   .          Rampage  .   i - +1 pair of gloves
Will    ++...                   I - +0 pair of boots
Stlth   ++........              (no amulet)
HPRegen 1.07/turn               (no ring)
MPRegen 0.17/turn               (no ring)

@: no status effects
A: permanent stasis, dig shafts and tunnels, antennae 3, four strong arms,
hooves 1, low mp 1, strong-willed 1
a: Dig, Shaft Self, Renounce Religion, Receive Corpses, Torment


You were on level 2 of the Orcish Mines.
You worshipped Kikubaaqudgha.
Kikubaaqudgha was extremely pleased with you.
You visited 3 branches of the dungeon, and saw 14 of its levels.

You collected 1429 gold pieces.
You spent 265 gold pieces at shops.

Inventory:

Hand Weapons
 a - a +1 vorpal long sword (weapon)
 b - a +3 hunting sling
 d - a +1 mace of protection
 e - a +2 whip of draining
 P - a +6 rapier of distortion
Missiles
 c - 293 arrows
 j - 255 stones (quivered)
 m - 57 bolts
 q - 22 boomerangs
 r - 122 sling bullets
 A - 15 poisoned darts
 J - 4 javelins
Armour
 i - a +1 pair of gloves (worn)
 o - a +3 troll leather armour (worn)
 v - a +0 cloak (worn)
 x - a +0 buckler (worn)
 I - a +0 pair of boots (worn)
Magical Staves
 l - a staff of earth
 C - a staff of fire
Jewellery
 u - a ring of ice
 G - a ring of ice
Wands
 y - a wand of polymorph (2)
 E - a wand of flame (40)
 M - a wand of acid (5)
 N - a wand of charming (6)
Scrolls
 g - 2 scrolls of holy word
 h - 6 scrolls of enchant weapon
 p - 2 scrolls of fog {unknown}
 t - 2 scrolls of silence {unknown}
 z - 3 scrolls of identify
 D - 4 scrolls of fear
 H - 3 scrolls of immolation
 O - 3 scrolls of amnesia
 Q - a scroll of acquirement {unknown}
 R - a scroll of blinking {unknown}
 S - 2 scrolls of noise {unknown}
Potions
 k - a potion of might
 n - a potion of attraction
 s - 2 potions of ambrosia
 w - 3 potions of brilliance
 B - 2 potions of curing
 T - a potion of cancellation
 U - a potion of flight
Miscellaneous
 F - a phantom mirror


   Skills:
 - Level 10.0 Fighting
 - Level 10.0 Armour
 - Level 7.0 Dodging
 - Level 2.4 Stealth
 - Level 9.0 Shields
 * Level 7.6 Spellcasting
 - Level 6.0 Conjurations
 * Level 9.4 Necromancy
 * Level 9.6 Earth Magic


You had 9 spell levels left.
You knew the following spells:

 Your Spells              Type           Power      Damage    Failure   Level
a - Borgnjor's Vile Clut  Necr/Erth      21%        N/A       8%          5
c - Searing Ray           Conj           60%        2d6       1%          2
d - Anguish               Hex/Necr       12%        N/A       21%         4
f - Magic Dart            Conj           100%       1d8       1%          1
h - Dispel Undead         Necr           43%        3d17      2%          4
z - Sublimation of Blood  Necr           43%        N/A       1%          2

Your spell library contained the following spells:

 Spells                   Type           Power      Damage    Failure   Level
 Animate Skeleton         Necr           86%        N/A       1%          1
 Pain                     Necr           100%       1d9       1%          1
 Animate Dead             Necr           21%        N/A       2%          4
 Corpse Rot               Necr/Air       50%        N/A       3%          2
 Foxfire                  Conj/Fire      72%        2x1d7     4%          1
 Static Discharge         Conj/Air       18%        N/A       6%          2
 Agony                    Necr           43%        N/A       8%          5
 Excruciating Wounds      Necr           21%        N/A       8%          5
 Dazzling Flash           Conj/Hex       36%        N/A       12%         3
 Summon Small Mammal      Summ           28%        N/A       14%         1
 Ensorcelled Hibernation  Hex/Ice        14%        N/A       22%         2
 Poisonous Vapours        Pois/Air       14%        N/A       22%         2
 Call Canine Familiar     Summ           7%         N/A       38%         3
 Spider Form              Tmut/Pois      7%         N/A       38%         3
 Summon Guardian Golem    Hex/Summ       7%         N/A       38%         3
 Fulminant Prism          Conj/Hex       9%         3d7       38%         4
 Iskenderun's Mystic Bla  Conj/Tloc      18%        2d6       38%         4
 Death Channel            Necr           21%        N/A       41%         6
 Lightning Bolt           Conj/Air       9%         1d21      75%         5
 Simulacrum               Ice/Necr       12%        N/A       97%         6
 Alistair's Intoxication  Tmut/Pois      4%         N/A       98%         5
 Eringya's Noxious Bog    Tmut/Pois      3%         N/A       100%        6
 Maxwell's Capacitive Co  Air            3%         ∞         100%        8


Dungeon Overview and Level Annotations

Branches:
Dungeon (11/15)            Temple (1/1) D:7            Lair (0/6) D:10
    Orc (2/2) D:10            Elf (0/3) Orc:2

Altars:
Ashenzari
Cheibriados
Dithmenos
Elyvilon
Fedhas
Gozag
Hepliaklqana
Kikubaaqudgha
Makhleb
Nemelex Xobeh
Okawaru
Qazlal
Ru
Sif Muna
Trog
Uskayaw
Vehumet
Wu Jian
Xom
Yredelemnul
Zin
The Shining One
Beogh

Shops:
D:1 *[[(   D:4 [   D:9 (   D:11 [   Orc:2 =[?

Annotations:
Orc:1 exclusion: dancing weapon
Orc:2 Donald


Innate Abilities, Weirdness & Mutations

You cannot be hasted, slowed, berserked, paralysed or teleported.
You can dig through walls and to a lower floor.
You have a pair of large antennae on your head. (SInv)
Your four strong arms can wield two-handed weapons with a shield.
You have large cloven feet.
Your magical capacity is low. (-10% MP)
You are strong-willed. (Will+)


Message History

There is an open door here.
There is a roughly hewn altar of Beogh here.
There is an open door here.
Things that are here:
a +2 broad axe; a +0 chain mail
Casting: Borgnjor's Vile Clutch (dangerous; 8% risk of failure)
Confirm with . or Enter, or press ? or * to list all spells.
You draw magical energy from your own body!
You block the orc knight's attack.
Casting: Sublimation of Blood (safe; 1% risk of failure)
Confirm with . or Enter, or press ? or * to list all spells.
Aiming: Borgnjor's Vile Clutch (dangerous; 8% risk of failure)
Press: ? - help, Shift-Dir - straight line, f - orc knight
Aim: an orc knight, wielding a +2 dire flail and wearing a +1 plate armour of willpower (severely wounded, 100% to hit)
Zombie hands grab the orc knight.
The zombie hands constrict the orc knight.
The orc knight hits you with a +2 dire flail!!
You hit the orc knight but do no damage.
The orc knight is severely wounded.
The zombie hands constrict the orc knight, but do no damage.
The orc knight hits you with a +2 dire flail!
You hit the orc knight but do no damage.
The orc knight is severely wounded.
The zombie hands constrict the orc knight.
The zombie hands release their grip on the orc knight.
You block the orc knight's attack.
The orc knight hits you with a +2 dire flail!!
Casting: Borgnjor's Vile Clutch (dangerous; 8% risk of failure)
Confirm with . or Enter, or press ? or * to list all spells.
Aiming: Borgnjor's Vile Clutch (dangerous; 8% risk of failure)
Press: ? - help, Shift-Dir - straight line, f/p - orc knight
Aim: an orc knight, wielding a +2 dire flail and wearing a +1 plate armour of willpower (severely wounded, 100% to hit)
Zombie hands grab the orc knight.
The zombie hands constrict the orc knight.
The orc knight hits you with a +2 dire flail!
You feel better.
The zombie hands constrict the orc knight.
The orc knight hits you with a +2 dire flail!!
You die...
Kikubaaqudgha rasps: "You have failed me!
Welcome... death!"

#.....#.....#.........
#####.#.....#....<)...
#∩..#.'..⌠..#....)....
#...'.#)....#........)
#..)#)#.)...#.).[....#
#####.###'###......###
#...#.#...........###.
#...'o#...........##..
#∩..#@##....)....##..#
#####'##.......###.##.
..##.......##.[..#
...#.........#.....
#...#.........).....
#...#.#........#....
#...###.............
#'### ###........... #
#♣..........


You could see an orc knight (clutched).

Vanquished Creatures
  Jorgrun (Orc:2)
  An orc warlord (Orc:2)
  Erolcha (Orc:2)
  A hydra (D:11)
  Harold (D:8)
  4 two-headed ogres
  5 orc high priests
  Nergalle (D:11)
  5 orc knights
  5 orc sorcerers
  A cyclops (D:11)
  The ghost of ciphuk the Ruffian, a novice NaFi (D:5)
  Joseph (D:8)
  An unseen horror (D:10)
  A kobold demonologist (D:11)
  Maggie (D:6)
  4 trolls
  Grinder (D:6)
  3 hornets
  Sigmund (D:6)
  4 yaks (D:10)
  Eustachio (D:6)
  A steam dragon (D:6)
  An acid dragon (D:10)
  3 wargs
  Duvessa (D:4)
  2 water moccasins
  37 orc warriors
  3 necrophages
  An ice beast (D:8)
  A boggart (D:7)
  11 ogres
  4 centaurs
  Blork the orc (D:4)
  3 bullfrogs
  2 kobold brigands
  2 gnoll sergeants
  3 scorpions
  A wyvern zombie (D:8)
  Dowan (D:4)
  A water moccasin skeleton (D:4)
  2 howler monkeys
  A bullfrog zombie (D:6)
  4 crimson imps (D:10)
  A hound (D:6)
  A jelly (D:6)
  23 orc priests
  5 centaur zombies
  Crazy Yiuf (D:3)
  A bullfrog skeleton (D:5)
  A gnoll shaman (D:7)
  Ijyb (D:3)
  Terence (D:1)
  An iguana (D:6)
  25 orc wizards
  A howler monkey zombie (D:6)
  10 gnolls
  4 adders
  2 white imps (D:5)
  An ufetubus (D:7)
  2 worms
  107 orcs
  3 bats
  4 endoplasms
  4 giant cockroaches
  3 goblins
  7 hobgoblins
  A quokka (D:1)
  6 ball pythons
  A frilled lizard (D:1)
  13 kobolds
  2 rats (D:1)
363 creatures vanquished.

Vanquished Creatures (others)
  4 orcs (Orc:2)
  A butterfly (D:6)
  2 fungi (D:3)
7 creatures vanquished.

Grand Total: 370 creatures vanquished

Notes
Turn   | Place    | Note
-------+----------+-------------------------------------------
     0 | D:1      | DildoBatman the Formicid Conjurer began the quest for the
                  | Orb.
     0 | D:1      | Reached XP level 1. HP: 13/13 MP: 3/3
   137 | D:1      | Found Mubewoos's Weapon Shoppe.
   254 | D:1      | Found Oloita's Armour Shoppe.
   275 | D:1      | Reached XP level 2. HP: 19/19 MP: 3/5
   278 | D:1      | Learned a level 2 spell: Searing Ray
   338 | D:1      | You fall into a shaft and drop 1 floor!
   389 | D:2      | Noticed Terence
   588 | D:1      | Found Vaos's General Store.
   774 | D:2      | Found a radiant altar of Vehumet.
   864 | D:1      | Found Piffowo's Antique Armour Shop.
  1211 | D:2      | Reached XP level 3. HP: 24/24 MP: 1/6
  2005 | D:3      | Reached skill level 5 in Conjurations
  2005 | D:3      | Reached XP level 4. HP: 7/30 MP: 0/7
  2542 | D:3      | Found a runed translucent door.
  2543 | D:3      | Noticed Crazy Yiuf
  2624 | D:4      | Found Vaec's Antique Armour Boutique.
  2638 | D:4      | Reached XP level 5. HP: 35/35 MP: 3/8
  2952 | D:4      | Noticed Ijyb
  3340 | D:4      | Noticed Duvessa
  3517 | D:4      | Found a glowing silver altar of Zin.
  3572 | D:4      | Noticed Blork the orc
  3942 | D:4      | Noticed Dowan
  4237 | D:5      | Entered Level 5 of the Dungeon
  4245 | D:5      | Reached XP level 6. HP: 38/40 MP: 7/10
  4399 | D:5      | Noticed ciphuk's ghost (novice NaFi)
  4439 | D:5      | Found a runed translucent door.
  4905 | D:5      | Noticed a necrophage
  4928 | D:5      | Killed a necrophage
  4929 | D:5      | Reached XP level 7. HP: 46/46 MP: 2/14
  5112 | D:5      | Found a shadowy altar of Dithmenos.
  5656 | D:5      | Found an ancient bone altar of Kikubaaqudgha.
  5658 | D:5      | Became a worshipper of Kikubaaqudgha
  5810 | D:1      | Killed Terence
  5811 | D:1      | Reached skill level 5 in Spellcasting
  5812 | D:1      | Found a faded altar of an unknown god.
  6309 | D:3      | Killed Ijyb
  6441 | D:3      | Killed Crazy Yiuf
  6591 | D:4      | Killed Blork the orc
  7123 | D:6      | Found a hide-covered altar of Uskayaw.
  7170 | D:6      | Noticed Grinder
  7233 | D:5      | Reached XP level 8. HP: 27/52 MP: 1/18
  7362 | D:6      | Noticed Eustachio
  7431 | D:6      | Killed Grinder
  7431 | D:6      | Reached * piety under Kikubaaqudgha
  7431 | D:6      | Received a gift from Kikubaaqudgha
  7468 | D:6      | Noticed Maggie
  7636 | D:6      | Found an ornate altar of the Wu Jian Council.
  8256 | D:6      | Killed Maggie
  8257 | D:6      | Reached XP level 9. HP: 17/66 MP: 7/19
  8382 | D:6      | Found a radiant altar of Vehumet.
  8412 | D:6      | Noticed Sigmund
  8501 | D:5      | Reached skill level 5 in Fighting
  8501 | D:5      | Reached skill level 5 in Armour
  8504 | D:5      | Learned a level 2 spell: Sublimation of Blood
  8509 | D:5      | Learned a level 4 spell: Anguish
  8700 | D:6      | Reached skill level 1 in Necromancy
  8757 | D:6      | Found a white marble altar of Elyvilon.
  8948 | D:6      | Killed Eustachio
  9026 | D:6      | Killed Sigmund
  9169 | D:7      | Noticed a hornet
  9202 | D:7      | Killed a hornet
  9203 | D:7      | Reached skill level 5 in Necromancy
  9421 | D:7      | Found a staircase to the Ecumenical Temple.
  9436 | Temple   | Entered the Ecumenical Temple
  9535 | D:7      | Noticed a two-headed ogre
 10268 | D:4      | Killed Duvessa
 10269 | D:4      | Reached XP level 10. HP: 58/74 MP: 7/20
 10345 | D:4      | Killed Dowan
 10512 | D:8      | Learned a level 5 spell: Borgnjor's Vile Clutch
 10565 | D:8      | Reached skill level 1 in Earth Magic
 10620 | D:8      | Noticed Joseph
 10656 | D:8      | Noticed Harold
 11193 | D:8      | Found a runed translucent door.
 11569 | D:8      | Killed Joseph
 11570 | D:8      | Reached skill level 5 in Earth Magic
 11684 | D:8      | Killed Harold
 11808 | D:8      | Found a hazy altar of Hepliaklqana.
 12097 | D:9      | Reached ** piety under Kikubaaqudgha
 12175 | D:9      | Noticed a two-headed ogre
 12263 | D:9      | Found a shimmering blue altar of Sif Muna.
 12302 | D:9      | Found a stormy altar of Qazlal.
 12389 | D:9      | Found Fore's Weapon Shoppe.
 12619 | D:9      | Got Sif Muna's Catalogue of Heat
 12837 | D:9      | Killed a two-headed ogre
 12838 | D:9      | Reached XP level 11. HP: 57/79 MP: 8/21
 12856 | D:10     | Entered Level 10 of the Dungeon
 12873 | D:10     | Found a staircase to the Lair.
 13022 | D:10     | Found a staircase to the Orcish Mines.
 13656 | D:10     | Found a shimmering altar of Xom.
 13932 | D:10     | Found an iron altar of Okawaru.
 13932 | D:10     | Found a bloodstained altar of Trog.
 14250 | D:7      | Killed a two-headed ogre
 14395 | D:11     | Noticed a cyclops
 14634 | D:11     | Noticed Nergalle
 14646 | D:11     | Killed Nergalle
 14965 | D:11     | Noticed an eight-headed hydra
 15052 | D:11     | Killed an eight-headed hydra
 15105 | D:11     | Killed a cyclops
 15106 | D:11     | Reached skill level 5 in Dodging
 15130 | D:11     | Noticed a two-headed ogre
 15150 | D:11     | Killed a two-headed ogre
 15151 | D:11     | Reached skill level 1 in Shields
 15280 | D:11     | Found Gazy's Armour Boutique.
 15293 | D:11     | Reached XP level 12. HP: 90/91 MP: 11/22
 15563 | D:5      | Killed ciphuk's ghost
 15684 | D:8      | Reached *** piety under Kikubaaqudgha
 15684 | D:8      | Received a gift from Kikubaaqudgha
 15888 | D:10     | Learned a level 4 spell: Dispel Undead
 15889 | Orc:1    | Entered Level 1 of the Orcish Mines
 16272 | Orc:1    | Reached **** piety under Kikubaaqudgha
 16333 | Orc:1    | Noticed an orc high priest
 16356 | Orc:1    | Killed an orc high priest
 16474 | Orc:1    | Noticed a +2 double sword
 16809 | Orc:2    | Entered Level 2 of the Orcish Mines
 16809 | Orc:2    | Noticed Jorgrun
 16843 | Orc:2    | Killed Jorgrun
 17197 | Orc:2    | Noticed Donald
 17299 | Orc:2    | Noticed a two-headed ogre
 17307 | Orc:2    | Killed a two-headed ogre
 17534 | Orc:2    | Reached skill level 5 in Shields
 17583 | Orc:2    | Reached XP level 13. HP: 54/90 MP: 12/23
 17648 | Orc:2    | Reached ***** piety under Kikubaaqudgha
 17766 | Orc:2    | Noticed an orc warlord
 17826 | Orc:2    | Killed an orc warlord
 18419 | Orc:2    | Found Rythorph's Magic Scroll Shop.
 18437 | Orc:2    | Bought a scroll of enchant armour for 97 gold pieces
 18437 | Orc:2    | Bought a scroll of identify for 26 gold pieces
 18437 | Orc:2    | Bought a scroll of identify for 26 gold pieces
 18437 | Orc:2    | Bought a scroll of identify for 26 gold pieces
 18437 | Orc:2    | Bought a scroll of immolation for 45 gold pieces
 18437 | Orc:2    | Bought a scroll of amnesia for 45 gold pieces
 18443 | Orc:2    | Gained mutation: Your magical capacity is low. (-10% MP)
                  | [potion of mutation]
 18443 | Orc:2    | Gained mutation: You have large cloven feet. [potion of
                  | mutation]
 18443 | Orc:2    | Gained mutation: You are strong-willed. (Will+) [potion of
                  | mutation]
 18603 | Orc:2    | Found a staircase to the Elven Halls.
 18666 | Orc:2    | Reached skill level 10 in Armour
 18668 | Orc:2    | Reached skill level 10 in Fighting
 18919 | Orc:2    | Found Ruiffy's Jewellery Emporium.
 18925 | Orc:2    | Found Acogos's Armour Shoppe.
 18948 | Orc:2    | Noticed Erolcha
 18994 | Orc:2    | Killed Erolcha
 19078 | Orc:2    | Slain by an orc knight

Illustrated notes

Levels and vault maps discovered:
D:1:      roderic_chinese_lattice_arrival, layout_loops_ring,
          hellmonk_ecumenical_altar_inner_sanctum, serial_shops, shop,
          nicolae_shop_bloodbath_and_beyond, shop, shop,
          nicolae_concentric_dashed_squares_mild
D:2:      layout_loops_corners, basic_altar, serial_bayou,
          serial_bayou_lagoon_a, serial_bayou_pond_c, serial_bayou_pond_d,
          serial_bayou_crossing, uniq_terence
D:3:      layout_loops_ring, supply_closet_lemuel, uniq_crazy_yiuf_cottage
D:4:      layout_layer_cave, zin_academy, serial_shops, shop, uniq_duvessa,
          uniq_blork_the_orc, uniq_ijyb
D:5:      layout_basic, lemuel_coloured_pillars_altar,
          mainiacjoe_overflow_six_doors_small, hellmonk_ghost_happy_afterlife,
          nrook_pool_corridor
D:6:      layout_loops_ring, mainiacjoe_overflow_concentric_impassable,
          mainiacjoe_overflow_chevrons, nicolae_elyvilon_peaceful_grove,
          vehumet_altar_wand_db, grunt_ministairs_1,
          amcnicky_mini_corridor_feature, lightli_orcish_oven, uniq_sigmund,
          uniq_maggie, uniq_grinder, uniq_eustachio
D:7:      layout_loops_ring, minmay_temple_entry_grid, hangedman_decor_push,
          grunt_decor_mini_mirrors
D:8:      layout_loops_corners, worldfamousw_hep_ancestral_shrine, hex_large,
          lightli_church_of_beogh, uniq_joseph, uniq_harold
D:9:      layout_rooms, led_sif_book, nicolae_qazlal_eye_of_the_storm,
          serial_shops, kennysheep_mini_moat
D:10:     layout_irregular_city, led_xom_imps, grunt_temple_overflow_bloody_war,
          lair_entry_dummy, david_orc_3
D:11:     layout_roguey, serial_shops, shop_statue, uniq_nergalle
Temple:   jpeg_temple_island
Orc:1:    layout_diamond_mine, sword_in_stone
Orc:2:    pubby_orc_utopia, serial_shops, uniq_erolcha, uniq_donald,
          uniq_jorgrun

Skill      XL: |  1  2  3  4  5  6  7  8  9 10 11 12 13 |
---------------+----------------------------------------+-----
Conjurations   | 4 5 6 |  6.0
Spellcasting   | 3 4 6 7 |  7.6
Fighting       | 4 5 7 9 10 | 10.0
Armour         | 4 5 7 9 10 | 10.0
Dodging        | 3 5 7 |  7.0
Necromancy     | 6 8 9 |  9.4
Earth Magic    | 8 9 |  9.6
Shields        | 2 5 9 |  9.0
Stealth        | |  2.4

Action                   |  1- 3 |  4- 6 |  7- 9 | 10-12 | 13-15 || total
-------------------------+-------+-------+-------+-------+-------++-------
Melee: Mace              |    10 |    16 |     6 |   165 |       ||   197
       Punch             |       |     1 |       |       |       ||     1
       Whip              |       |       |    15 |       |       ||    15
       Falchion          |       |       |     5 |    16 |       ||    21
       Long sword        |       |       |       |    51 |    38 ||    89
 Fire: Hunting sling     |       |       |       |    64 |   140 ||   204
Throw: Throwing net      |       |       |       |     6 |       ||     6
 Cast: Magic Dart        |    30 |    29 |    27 |     6 |       ||    92
       Searing Ray       |     6 |    19 |    81 |    75 |       ||   181
       Borgnjor's Vile C |       |       |       |    75 |    70 ||   145
       Sublimation of Bl |       |       |       |    16 |    49 ||    65
 Abil: Dig               |     2 |     1 |     2 |    17 |       ||    22
Evoke: Wand              |       |       |       |     2 |       ||     2
  Use: Scroll            |       |     4 |       |     6 |     5 ||    15
       Potion            |       |       |     2 |     2 |     2 ||     6
Armor: Robe              |     5 |     5 |     1 |       |       ||    11
       Leather armour    |       |       |    33 |    48 |       ||    81
       Steam dragon scal |       |       |     2 |       |       ||     2
       Troll leather arm |       |       |       |   133 |    23 ||   156
Dodge: Dodged            |    33 |    32 |    75 |   311 |    49 ||   500
Block: Buckler           |       |       |       |    67 |    25 ||    92
